 Dungeon Crawl Stone Soup version 0.24.0-123-gd5b16e6ec5 (webtiles) character file.

Game seed: 15641643087100558991, levelgen mode: deterministic

12798 Curus the Spear-Bearer (level 11, 0/156 HPs)
             Began as a Minotaur Monk on Jan 11, 2020.
             Was an Elder of Trog.
             Slain by a komodo dragon (10 damage)
             ... on level 2 of the Lair of Beasts.
             The game lasted 00:27:32 (7203 turns).

Curus the Spear-Bearer (Minotaur Monk)              Turns: 7203, Time: 00:27:33

Health: 0/156      AC:  9    Str: 21    XL:     11   Next: 67%
Magic:  13/13      EV: 18    Int:  7    God:    Trog [****..]
Gold:   353        SH:  0    Dex: 16    Spells: 10/10 levels left

rFire    . . .     SeeInvis +   j - +3 trident (venom)
rCold    . . .     Gourm    .   (no shield)
rNeg     . . .     Faith    .   d - +1 ring mail
rPois    .         Spirit   .   (helmet restricted)
rElec    .         Reflect  .   x - +2 cloak
rCorr    .         Harm     .   (no gloves)
MR       +....                  (no boots)
Stlth    ..........             (no amulet)
HPRegen  0.36/turn              i - ring of see invisible
MPRegen  0.13/turn              (no ring)

@: berserking (expiring), lethally poisoned (0 -> -22), marked, very quick
A: retaliatory headbutt, horns 2, camouflage 1, magic resistance 1, sense
surroundings 1
a: Berserk, Trog's Hand, Brothers in Arms, Renounce Religion


You were on level 2 of the Lair of Beasts.
You worshipped Trog.
Trog was greatly pleased with you.
You were very hungry.

You visited 3 branches of the dungeon, and saw 11 of its levels.
You also visited: Bailey.

You collected 353 gold pieces.

Inventory:

Hand Weapons
 a - a +0 spear
 j - a +3 trident of venom (weapon)
Armour
 b - a +0 robe
 d - a +1 ring mail (worn)
 w - the -5 hat of Fallacy {rPois MR- Dex-3 SInv}
   (You acquired it in a bailey)

   It affects your dexterity (-3).
   It protects you from poison.
   It affects your resistance to hostile enchantments.
   It lets you see invisible.
 x - a +2 cloak (worn)
Jewellery
 i - a ring of see invisible (left hand)
 p - an uncursed ring of attention
Wands
 m - a wand of polymorph (12)
 n - a wand of flame (35)
 r - a wand of paralysis (12)
 u - a wand of iceblast (12)
Scrolls
 e - a scroll of remove curse
 f - 6 scrolls of identify
 h - 4 scrolls of fear
 l - 3 scrolls of blinking
 o - 6 scrolls of teleportation
Potions
 g - 2 potions of degeneration
 k - 3 potions of berserk rage
 q - a potion of invisibility
 s - 4 potions of heal wounds
 t - a potion of haste
 v - a potion of curing
 z - a potion of mutation
Comestibles
 c - 20 rations


   Skills:
 + Level 11.8 Fighting
 - Level 14.5 Polearms
 + Level 10.9 Dodging
 - Level 1.5 Stealth
 - Level 5.1 Evocations


You had 10 spell levels left.
You didn't know any spells.
Your spell library was empty.

Dungeon Overview and Level Annotations

Branches:
Dungeon (8/15)             Temple (1/1) D:5            Lair (2/6) D:8
 Bailey (visited)
  Swamp: Lair:2-4    Shoals: Lair:2-4     Snake: Lair:2-4    Spider: Lair:2-4

Altars:
Ashenzari
Cheibriados
Dithmenos
Gozag
Nemelex Xobeh
Qazlal
Ru
Sif Muna
Trog
Uskayaw
Xom
The Shining One


Innate Abilities, Weirdness & Mutations

You reflexively headbutt those who attack you in melee.
You have a pair of horns on your head.
Your skin changes colour to match your surroundings (Stealth+).
You are resistant to hostile enchantments. (MR+)
You passively map a small area around you.


Message History

You impale the komodo dragon!!
The komodo dragon looks as sick as possible!
You headbutt the komodo dragon.
The komodo dragon is severely wounded.
You feel sick.
You barely miss the komodo dragon. You headbutt the komodo dragon.
The komodo dragon is almost dead.
You feel sick. The komodo dragon bites you!!
* * * LOW HITPOINT WARNING * * *
You hit the komodo dragon but do no damage.
The komodo dragon looks as sick as possible!
The komodo dragon is almost dead.
* * * LOW HITPOINT WARNING * * *
You feel sick.
You hit the komodo dragon.
The komodo dragon looks as sick as possible!
The komodo dragon is almost dead.
* * * LOW HITPOINT WARNING * * *
You feel sick. The komodo dragon bites you!
You die...

, , , ,,, , * , .
,, ,.. **#...
####### P.... ,,
#@#.#.#......
#l)#.........,,
###............
##P.............
#..†............
###...............
##.................
#....÷)............
#....)......P......
,


You could see a komodo dragon.

Vanquished Creatures
  An orc warlord (Bailey)
  Nergalle (Lair:2)
  Pikel (D:7)
  3 spiny frogs
  A black mamba (Lair:2)
  2 komodo dragons
  3 rime drakes
  A basilisk (Lair:1)
  A steam dragon (Lair:1)
  Menkaure (D:7)
  Duvessa (D:5)
  4 water moccasins
  4 porcupines
  3 orc warriors
  A sky beast (D:6)
  2 slaves (D:7)
  An ogre (D:6)
  A necrophage (D:8)
  A phantom (D:7)
  6 wolves (Lair:1)
  4 centaurs
  7 bullfrogs
  Dowan (D:5)
  A water moccasin zombie (D:6)
  A scorpion (D:4)
  3 killer bees (D:8)
  2 howler monkeys
  A quasit (D:6)
  2 orc priests
  A hound (D:6)
  2 centaur skeletons (D:4)
  A jelly (D:6)
  5 orc wizards
  Crazy Yiuf (D:7)
  4 worker ants
  Natasha (twice) (D:4)
  4 iguanas
  2 hound skeletons
  6 gnolls
  10 adders
  A shadow imp (D:5)
  An adder skeleton (D:6)
  3 worms
  4 dart slugs
  4 leopard geckos
  24 orcs
  4 bats
  8 giant cockroaches
  9 hobgoblins
  18 jackals
  5 quokkas
  A ball python skeleton (D:5)
  3 frilled lizards
  15 goblins
  11 kobolds
  2 leopard gecko skeletons
  A leopard gecko zombie (D:5)
  2 quokka skeletons (D:7)
  A quokka zombie (D:5)
  6 rats
  A plant (D:8)
223 creatures vanquished.

Vanquished Creatures (others)
  2 plants (D:8)
2 creatures vanquished.

Grand Total: 225 creatures vanquished

Notes
Turn   | Place    | Note
-------+----------+-------------------------------------------
     0 | D:1      | Curus the Minotaur Monk began the quest for the Orb.
     0 | D:1      | Reached XP level 1. HP: 19/19 MP: 0/0
   268 | D:1      | Reached skill level 4 in Polearms
   373 | D:1      | Reached XP level 2. HP: 22/26 MP: 1/1
   652 | D:2      | Reached skill level 5 in Polearms
   652 | D:2      | Reached XP level 3. HP: 23/31 MP: 2/2
   942 | D:2      | Reached skill level 6 in Polearms
   942 | D:2      | Reached XP level 4. HP: 36/39 MP: 3/3
  1226 | D:3      | Reached XP level 5. HP: 24/45 MP: 4/4
  1235 | D:3      | Reached skill level 7 in Polearms
  1351 | D:3      | Found a snail-covered altar of Cheibriados.
  2019 | D:4      | Reached skill level 8 in Polearms
  2024 | D:4      | Reached XP level 6. HP: 51/51 MP: 5/5
  2225 | D:4      | Noticed Natasha
  2237 | D:4      | Killed Natasha
  2237 | D:4      | Reached skill level 9 in Polearms
  2756 | D:4      | Reached XP level 7. HP: 50/57 MP: 6/6
  2800 | D:4      | Noticed Natasha
  2804 | D:4      | Killed Natasha
  3013 | D:5      | Entered Level 5 of the Dungeon
  3150 | D:5      | Reached skill level 10 in Polearms
  3162 | D:5      | Found a staircase to the Ecumenical Temple.
  3415 | Temple   | Entered the Ecumenical Temple
  3432 | Temple   | Became a worshipper of Trog the Wrathful
  3432 | Temple   | Reached * piety under Trog
  3432 | Temple   | Reached ** piety under Trog
  3586 | D:5      | Noticed Duvessa
  3586 | D:5      | Noticed Dowan
  3591 | D:5      | Killed Duvessa
  3594 | D:5      | Killed Dowan
  3594 | D:5      | Reached skill level 11 in Polearms
  3976 | D:6      | Reached XP level 8. HP: 25/64 MP: 7/7
  3980 | D:6      | Reached skill level 12 in Polearms
  4363 | D:6      | Found a bloodstained altar of Trog.
  4484 | D:6      | Reached skill level 13 in Polearms
  4948 | D:7      | Found an opulent altar of Gozag.
  5035 | D:7      | Reached *** piety under Trog
  5047 | D:7      | Reached XP level 9. HP: 55/70 MP: 8/8
  5059 | D:7      | Noticed Pikel
  5077 | D:7      | Killed Pikel
  5077 | D:7      | Reached skill level 14 in Polearms
  5158 | D:7      | Found a flagged portal.
  5165 | Bailey   | Entered a bailey
  5170 | Bailey   | Noticed an orc warlord
  5229 | Bailey   | Found a runed translucent gate.
  5230 | Bailey   | Found a runed translucent gate.
  5241 | Bailey   | Found a runed translucent gate.
  5427 | Bailey   | Killed an orc warlord
  5451 | Bailey   | Identified a scroll of acquirement
  5452 | Bailey   | Got a crude hat
  5458 | Bailey   | Identified the -5 hat of Fallacy {rPois MR- Dex-3 SInv}
                  | (You acquired it in a bailey)
  5463 | Bailey   | Reached skill level 10 in Fighting
  5463 | Bailey   | Reached XP level 10. HP: 65/94 MP: 9/9
  5659 | D:7      | Found a runed translucent door.
  5660 | D:7      | Noticed Crazy Yiuf
  5722 | D:7      | Noticed Menkaure
  5726 | D:7      | Killed Menkaure
  5898 | D:7      | Killed Crazy Yiuf
  5898 | D:7      | Reached skill level 10 in Dodging
  5978 | D:8      | Reached XP level 11. HP: 99/101 MP: 10/10
  6087 | D:8      | Found a staircase to the Lair.
  6110 | D:8      | Reached **** piety under Trog
  6146 | Lair:1   | Entered Level 1 of the Lair of Beasts
  6158 | Lair:1   | Reached skill level 1 in Evocations
  6639 | Lair:1   | Found a sacrificial altar of Ru.
  7127 | Lair:2   | Gained mutation: Your skin changes colour to match your
                  | surroundings (Stealth+). [potion of mutation]
  7127 | Lair:2   | Gained mutation: You passively map a small area around you.
                  | [potion of mutation]
  7127 | Lair:2   | Gained mutation: You are resistant to hostile enchantments.
                  | (MR+) [potion of mutation]
  7141 | Lair:2   | Found a shadowy altar of Dithmenos.
  7153 | Lair:2   | Reached skill level 5 in Evocations
  7165 | Lair:2   | Noticed Nergalle
  7189 | Lair:2   | Killed Nergalle
  7203 | Lair:2   | Slain by a komodo dragon

Levels and vault maps discovered:
D:1:      dpeg_arrival_pits, layout_loops_ring
D:2:      minmay_angry_zag, layout_rooms, chequers_serial_rivers_micro_c
D:3:      layout_basic, kennysheep_slug_shrine
D:4:      layout_loops_ring, uniq_natasha
D:5:      layout_loops_ring, minmay_temple_entry_hall, first_ration,
          uniq_duvessa
D:6:      layout_rooms, chequers_serial_rivers_micro_b, minivault_25,
          trog_hazing_becter
D:7:      layout_loops_ring, enter_bailey_3,
          nicolae_gozag_cash_rules_everything_around_me,
          uniq_crazy_yiuf_cottage, uniq_menkaure, uniq_pikel
D:8:      layout_loops_ring, gammafunk_temple_overflow_pools,
          david_lair_shrubbed, nicolae_ru_path_of_blood
Temple:   regret_index_temple_mists
Lair:1:   layout_regular_city, basic_altar, infiniplex_staircase_pool
Lair:2:   layout_hall_layers, basic_altar, uniq_nergalle

Skill      XL: |  1  2  3  4  5  6  7  8  9 10 11 |
---------------+----------------------------------+-----
Polearms       | 4 5 6 8 9 11 13 14 | 14.5
Fighting       | 10 11 | 11.8
Dodging        | 9 10 | 10.9
Evocations     | 5 |  5.1
Stealth        | |  1.5

Action                   |  1- 3 |  4- 6 |  7- 9 | 10-12 || total
-------------------------+-------+-------+-------+-------++-------
Melee: Spear             |    96 |   233 |       |       ||   329
       Headbutt          |    18 |    45 |    26 |    38 ||   127
       Trident           |       |     5 |   228 |   199 ||   432
Invok: Berserk           |       |       |     2 |     1 ||     3
Evoke: Wand              |       |       |     2 |     1 ||     3
  Use: Scroll            |     7 |     3 |     2 |     3 ||    15
       Potion            |     4 |     1 |     8 |     1 ||    14
 Stab: Sleeping          |       |     2 |     2 |       ||     4
  Eat: Chunk             |       |     6 |     7 |     5 ||    18
       Ration            |       |       |     1 |       ||     1
Armor: Ring mail         |    22 |    37 |    50 |    18 ||   127
Dodge: Dodged            |    43 |    79 |   100 |    88 ||   310
